 Dungeon Crawl Stone Soup version 0.18.1-48-g4cf74bf (webtiles) character file.

35 Heedrag the Conjurer (level 3, -1/19 HPs)
             Began as a Deep Elf Conjurer on Aug 3, 2016.
             Slain by a gnoll
             ... wielding a +0 club
              (5 damage)
             ... on level 1 of the Dungeon.
             The game lasted 00:02:54 (1597 turns).

Heedrag the Conjurer (Deep Elf Conjurer)            Turns: 1597, Time: 00:02:54

Health: -1/19      AC:  4    Str:  6    XL:     3   Next: 17%
Magic:  1/10       EV: 13    Int: 19    God:
Gold:   51         SH:  0    Dex: 15    Spells: 1 memorised, 9 levels left

rFire  . . .     SeeInvis .     n - +0 spear
rCold  . . .     Gourm    .     a - +0 robe
rNeg   . . .     Faith    .     (no shield)
rPois  .         Spirit   .     (no helmet)
rElec  .         Dismiss  .     (no cloak)
rCorr  .         Reflect  .     q - +1 pair of gloves
SustAt .         Harm     .     (no boots)
MR     .....                    (no amulet)
Stlth  ++........               (no ring)
                                (no ring)

@: not resistant to hostile enchantments, unstealthy
A: no striking features
a: no special abilities


You were on level 1 of the Dungeon.
You were not hungry.

You visited 1 branch of the dungeon, and saw 2 of its levels.

You collected 51 gold pieces.

Inventory:

Hand Weapons
 n - a +0 spear (weapon)
Armour
 a - a +0 robe (worn)
 q - a +1 pair of gloves (worn)
Scrolls
 e - a scroll of teleportation {unknown}
 f - 2 scrolls of immolation {unknown}
 h - a scroll of amnesia {unknown}
 k - a scroll of remove curse {unknown}
 l - a scroll of recharging {unknown}
 o - a scroll of magic mapping {unknown}
 r - a scroll of random uselessness {unknown}
Potions
 d - a potion of degeneration {unknown}
 i - a potion of cure mutation {unknown}
Books
 b - a book of Conjurations

   Spells                             Type                      Level
   a - Magic Dart                     Conjuration                  1
   b - Searing Ray                    Conjuration                  2
   c - Dazzling Spray                 Conjuration/Hexes            3
   d - Fulminant Prism                Conjuration/Hexes            4
   e - Iskenderun's Mystic Blast      Conjuration                  4
   f - Iskenderun's Battlesphere      Conjuration/Charms           5
Comestibles
 c - 2 bread rations
 g - a slice of pizza
 j - 2 fruits
 m - a royal jelly
 p - 2 chunks of flesh


   Skills:
 - Level 2.4 Dodging
 - Level 2.4 Stealth
 + Level 4.0 Spellcasting
 * Level 5.1 Conjurations


You had 9 spell levels left.
You knew the following spells:

 Your Spells              Type           Power        Failure   Level  Hunger
a - Magic Dart            Conj           ###.         1%          1    None


Dungeon Overview and Level Annotations

Branches:
Dungeon (2/15)

Altars:

Annotations:
D:1 exclusion: downstairs
D:2 Sigmund


Message History

Thar be a stone staircase leadin' down 'ere.
Unknown command.
Castin': Magic Dart Confirm wit' . or Enter, or press ? or * ta list all spells.
Aimin': Magic Dart
Press: ? - help, Shift-Dir - straight line, f - gnoll
Aim: a gnoll, wieldin' a club (heavily wounded) Tha magic dart hits tha gnoll.
Tha gnoll be heavily wounded.
Tha gnoll closely misses ye.
Castin': Magic Dart Confirm wit' . or Enter, or press ? or * ta list all spells.
Ye dinnae haf enough magic ta cast tha spell.
Ye closely miss tha gnoll.
Tha gnoll be heavily wounded.
Tha gnoll barely misses ye.
Ye hit tha gnoll.
Tha gnoll be severely wounded.
Tha gnoll hits ye wit' a club.
Ye die...

######.## #......# #.#
#.......#########.## #.#
#.......#.....###.####.#
#.......#....)#........######
#............................
#.......#.....#........######
#....)..#.....#........# #
#.......#...g.########## #
#########...@)# # ####### #
### ##..# #.≈..# #.≈.§#
#≈≈≈.# ######### #.§≈≈#
#.......## #..§.#


You could see a gnoll.

Vanquished Creatures
  A gnoll (D:2)
  An adder (D:2)
  2 worms (D:1)
  2 goblins (D:1)
  A bat (D:1)
  A giant newt (D:1)
  4 kobolds
  3 rats (D:1)
15 creatures vanquished.

Notes
Turn   | Place    | Note
--------------------------------------------------------------
     0 | D:1      | Heedrag the Deep Elf Conjurer began the quest for the Orb.
     0 | D:1      | Reached XP level 1. HP: 10/10 MP: 6/6
  1021 | D:1      | Reached XP level 2. HP: 15/15 MP: 1/8
  1419 | D:2      | Noticed Sigmund
  1510 | D:2      | Reached skill level 5 in Conjurations
  1552 | D:2      | Reached XP level 3. HP: 19/19 MP: 4/10
  1597 | D:1      | Slain by a gnoll

Skill      XL: |  1  2 |
---------------+-------+-----
Conjurations   | 5 |  5.1
Spellcasting   | 4 |  4.0
Dodging        | |  2.4
Stealth        | |  2.4

Action                   || total
-------------------------++-------
Melee: Spear             ||    10
 Cast: Magic Dart        ||    54
  Eat: Chunk             ||     2
Armor: Robe              ||     4
Dodge: Dodged            ||    15
